 Dungeon Crawl Stone Soup version 0.31-a0-1370-gf52a5a9ab3 (webtiles) character file.

Game seed: 8463226973657796723

77 Inarius the Cutter (level 4, -1/29 HPs)
             Began as a Kobold Chaos Knight on Dec 23, 2023.
             Was a Plaything of Xom.
             Slain by an ufetubus (2 damage)
             ... summoned by Xom
             ... on level 2 of the Dungeon.
             The game lasted 00:02:20 (1527 turns).

Inarius the Cutter (Kobold Chaos Knight)            Turns: 1527, Time: 00:02:21

Health: -1/29      AC:  4    Str:  9      XL:     4   Next: 58%
Magic:  4/4        EV: 14    Int: 13      God:    Xom [*.....]
Gold:   111        SH:  0    Dex: 12 (16) Spells: 3/3 levels left

rFire   . . .        a - +0 short sword (chaos)
rCold   . . .        (no shield)
rNeg    . . .        b - +3 leather armour
rPois   .            (no helmet)
rElec   .            (no cloak)
rCorr   .            (no gloves)
SInv    .            (no boots)
Will    .....        (no amulet)
Stlth   +++          (no ring)
HPRegen 0.24/turn    (no ring)
MPRegen 0.09/turn

%: no passive effects
@: very slightly contaminated
A: small, no large weapons, nightstalker 3, deformed body, inability to drink
after injury 1
a: Renounce Religion


You were on level 2 of the Dungeon.
You worshipped Xom.
You were a special plaything of Xom.
You visited 1 branch of the dungeon, and saw 2 of its levels.

You collected 111 gold pieces.

Inventory:

Hand Weapons
 a - a +0 short sword of chaos (weapon)
 i - a +1 short sword of draining
Missiles
 h - a throwing net
Armour
 b - a +3 leather armour (worn)
Scrolls
 c - a scroll of butterflies
 d - a scroll of enchant armour
 f - 2 scrolls of identify {unknown}
 g - a scroll of revelation {unknown}


   Skills:
 * Level 4.0 Fighting
 + Level 5.0 Short Blades
 + Level 1.2 Armour
 + Level 2.8 Dodging
 + Level 2.1 Stealth


You had 3 spell levels left.
You didn't know any spells.
Your spell library contained the following spells:

 Spells                   Type           Power      Damage    Failure   Level
 Vhi's Electric Charge    Tloc/Air       0%         N/A       99%         4
 Arcjolt                  Conj/Air       0%         1d10      100%        5
 Plasma Beam              Fire/Air       0%         2x1d10    100%        6
 Maxwell's Capacitive Co  Air            0%         ∞         100%        8


Dungeon Overview and Level Annotations

Branches:
Dungeon (2/15)

Altars:
Gozag


Innate Abilities, Weirdness & Mutations

You are small and have problems with some larger weapons.
You are completely attuned to the shadows.
Armour fits poorly on your strangely shaped body.
You occasionally lose the ability to drink potions when taking damage.


Message History

The ufetubus closely misses you. The ufetubus hits you.
* * * LOW HITPOINT WARNING * * *
It was a potion of mutation.
You feel extremely strange.
Your body twists and deforms.
You occasionally lose the ability to drink potions when taking damage.
Xom is highly amused!
The ufetubus barely misses you. The ufetubus closely misses you.
It was a potion of magic.
Magic courses through your body. The ufetubus misses you.
The ufetubus completely misses you. The ufetubus barely misses you. x2
It was a potion of curing.
You feel better. The ufetubus barely misses you. x2
The ufetubus attacks as it pursues you! The ufetubus closely misses you.
The ufetubus misses you. The ufetubus slips past you! The ufetubus hits you. x2
The ufetubus closely misses you. x2
The ufetubus hits you but does no damage.
The ufetubus misses you.
You hit the ufetubus.
The ufetubus is lightly wounded.
The ufetubus hits you. x2
* * * LOW HITPOINT WARNING * * *
You hit the ufetubus.
The ufetubus is heavily wounded.
The ufetubus hits you.
* * * LOW HITPOINT WARNING * * *
The ufetubus barely misses you.
You hit the ufetubus.
The ufetubus is poisoned.
The ufetubus is heavily wounded.
The ufetubus hits you but does no damage.
The ufetubus misses you.
You closely miss the ufetubus.
The ufetubus is heavily wounded.
The ufetubus barely misses you. The ufetubus hits you.
* * * LOW HITPOINT WARNING * * *
It was a potion of cancellation.
You feel magically purged.
You are very lightly contaminated with residual magic.
The ufetubus slips past you! The ufetubus hits you.
* * * LOW HITPOINT WARNING * * *
The ufetubus hits you.
You die... "It was about time."

###### .....#
######### ####.#
####†.......
#.#######....#######
#..@5...............
#####....###########
##.#### ........
##..# #.......) #..##
#........ ##.##
#...††...
#..########........
#..#......##....)...
..>..................


You could see an ufetubus (summoned, poisoned).

Vanquished Creatures
  3 adders (D:2)
  2 dart slugs (D:2)
  2 bats (D:1)
  4 endoplasms (D:1)
  2 giant cockroaches
  4 hobgoblins
  3 jackals (D:1)
  2 quokkas
  5 ball pythons
  6 goblins (D:2)
  6 kobolds
  3 rats
42 creatures vanquished.

Notes
Turn   | Place    | Note
-------+----------+-------------------------------------------
     0 | D:1      | Inarius the Kobold Chaos Knight began the quest for the
                  | Orb.
     0 | D:1      | Reached XP level 1. HP: 14/14 MP: 1/1
    99 | D:1      | Reached XP level 2. HP: 17/19 MP: 2/2
   284 | D:1      | XOM: silly message
   514 | D:1      | XOM: silly message
   651 | D:1      | Reached XP level 3. HP: 23/23 MP: 3/3
   666 | D:1      | Reached skill level 1 in Armour
   883 | D:1      | XOM: cloud trail
  1119 | D:2      | Found an opulent altar of Gozag.
  1311 | D:2      | Reached skill level 1 in Stealth
  1357 | D:2      | Reached XP level 4. HP: 29/29 MP: 4/4
  1408 | D:2      | Reached skill level 5 in Short Blades
  1435 | D:2      | XOM: potion effect (attraction)
  1442 | D:2      | XOM: divination: detect creatures
  1487 | D:2      | XOM: summons 2 hostile demons
  1517 | D:2      | Gained mutation: Armour fits poorly on your strangely
                  | shaped body. [potion of mutation]
  1517 | D:2      | Gained mutation: You occasionally lose the ability to drink
                  | potions when taking damage. [potion of mutation]
  1527 | D:2      | HP: 1/29 [ufetubus[Xom] (4)]
  1527 | D:2      | Slain by an ufetubus

Illustrated notes

Levels and vault maps discovered:
D:1:      saegor_arrival_simple_e, layout_basic
D:2:      layout_basic, basic_altar

Skill      XL: |  1  2  3  4 |
---------------+-------------+-----
Armour         | 1 |  1.2
Stealth        | 1 2 |  2.1
Short Blades   | 5 |  5.0
Fighting       | 4 |  4.0
Dodging        | |  2.8

Action                     |  1- 3 |  4- 6 || total
---------------------------+-------+-------++-------
  Melee: Short sword       |    86 |    52 ||   138
    Use: Potion            |       |     4 ||     4
         Scroll            |       |     1 ||     1
   Stab: Sleeping          |    11 |     1 ||    12
 Armour: Leather armour    |    35 |    82 ||   117
  Dodge: Dodged            |    48 |   123 ||   171

Table legend: (Time is in decaauts)
 A = Elapsed time spent in this place.
 B = Non-inter-level travel time spent in this place.
 C = Inter-level travel time spent in this place.
 D = Time resting spent in this place.
 E = Time spent auto-exploring this place.
 F = Levels seen in this place.
 G = Mean time per level.
                   A        B        C        D        E       F      G
               +--------+--------+--------+--------+--------+-----+--------+
         Total |   1493 |   1451 |     42 |     45 |   1139 |   2 |  746.5 |
       Dungeon |   1493 |   1451 |     42 |     45 |   1139 |   2 |  746.5 |
               +--------+--------+--------+--------+--------+-----+--------+

Top non-repeatable levels by time:
     D:1: 1050 daAuts
     D:2: 443 daAuts
